AoeStats
← [GG] Shevchenko 7

Nomad

509020013Analyzed
3v3 RM · 8d ago on Sep 25, 2026· 46m 32s· 6 players
Game mode
Random Map
Map size
210×210
Population
200
Speed
Normal
Resources
Standard
Victory
Conquest
Starting age
Dark Age
Ending age
Imperial Age
RankedLock teamsTeams togetherTeam positionsShared explorationLock speedFull tech treeHidden civsTurbo modeCheats
Victory
Defeat
🇺🇸 Sicilians · United States
969
+16
🇨🇴 Turks · Colombia
940
+17
🇺🇸 Khmer · United States
923
+41
🇧🇷 Magyars · Brazil
996
-19
🇧🇷 Huns · Brazil
977
-17
🇧🇷 Varangians · Brazil
903
-14
NandoF26
3:00 Loom
14:47 Feudal Age
21:41 Castle Age
23:36 Pikeman
26:03 Scale Mail Armor
28:09 Fletching
28:18 Town Watch
29:28 Ballistics
32:25 Horse Collar
32:32 Double-Bit Axe
38:56 Imperial Age
40:53 Chain Mail Armor
40:49 Forging
40:36 Bodkin Arrow
42:10 Conscription
TigerishBoss76
13:26 Loom
15:53 Feudal Age
18:35 Double-Bit Axe
22:13 Castle Age
21:01 Forging
20:42 Fletching
23:29 Crossbowman
24:48 Demolition Ship
27:29 Horse Collar
30:31 Imperial Age
28:54 Bow Saw
32:16 Two-Man Saw
32:56 Ballistics
33:25 Fletching
34:12 Iron Casting
39:31 Bloodlines
41:35 Gold Mining
42:00 Heavy Plow
42:54 Conscription
Dr. Jaws
4:53 Loom
15:58 Feudal Age
16:00 Man-at-Arms
16:42 Double-Bit Axe
17:53 Horse Collar
21:03 Forging
20:59 Scale Barding Armor
21:20 Fletching
23:59 Gold Mining
27:05 Castle Age
25:22 Scale Mail Armor
28:12 Stone Mining
28:24 Heavy Plow
29:06 Wheelbarrow
27:54 Long Swordsman
28:32 Bodkin Arrow
29:13 Iron Casting
28:46 Pikeman
31:13 Town Watch
35:15 Gold Shaft Mining
35:30 Chain Mail Armor
37:12 Stone Shaft Mining
37:30 Murder Holes
40:07 Ballistics
39:59 Masonry
40:19 Tusk Swords
40:54 Elite Skirmisher
44:08 Imperial Age
41:46 Scale Barding Armor
41:43 Padded Archer Armor
41:06 Elite Skirmisher
43:14 Leather Archer Armor
45:06 Scale Barding Armor
48:16 Imperial Age
[GG] Ibrahimovic
10:20 Loom
16:54 Feudal Age
17:37 Town Watch
18:52 Horse Collar
21:53 Bloodlines
24:16 Castle Age
23:24 Fishing Lines
24:14 Padded Archer Armor
25:24 Forging
25:44 Scale Barding Armor
25:47 Light Cavalry
28:31 Iron Casting
29:13 Chain Barding Armor
31:52 Heavy Plow
31:41 Double-Bit Axe
31:49 Gold Mining
31:51 Stone Mining
35:37 Imperial Age
33:34 Husbandry
33:53 Gillnets
34:57 Wheelbarrow
37:46 Fletching
38:39 Leather Archer Armor
40:43 Vendel Legacy
41:57 Hand Cart
44:00 Elite Jarl
45:28 Bodkin Arrow
[GG] Trezeguet
13:06 Loom
17:02 Feudal Age
21:11 Castle Age
20:41 Stone Mining
21:47 Wheelbarrow
23:53 Corvinian Army
29:32 Bloodlines
33:02 Horse Collar
33:38 Scale Mail Armor
34:57 Scale Barding Armor
[GG] Shevchenko 7
3:26 Loom
15:09 Feudal Age
18:28 Fletching
22:15 Padded Archer Armor
30:28 Castle Age
30:38 Forging
33:14 Bodkin Arrow
42:40 Elite Skirmisher
Connection lost

Rejoining the realm…

Still unreachable

The connection could not be restored.

Session expired

The server has moved on; the page needs a fresh start.